 Dungeon Crawl Stone Soup version 0.31-a0-1597-ge7908ec95f (webtiles) character file.

Game seed: 9107405853961915141

121 generaletaddeo the Chopper (level 4, -2/36 HPs)
             Began as an Armataur Warper on Jan 7, 2024.
             Incinerated by a bombardier beetle (5 damage)
             ... with a burning spray
             ... on level 3 of the Dungeon.
             The game lasted 00:05:18 (2118 turns).

generaletaddeo the Chopper (Armataur Warper)        Turns: 2118, Time: 00:05:19

Health: -2/36      AC:  9    Str: 18    XL:     4   Next: 76%
Magic:  15/15      EV:  3    Int: 14    God:
Gold:   191        SH:  0    Dex:  9    Spells: 4/6 levels left

rFire   . . .        a - +0 hand axe
rCold   . . .        (no shield)
rNeg    . . .        l - +0 plate armour
rPois   .            (no helmet)
rElec   .            (no cloak)
rCorr   .            m - +0 pair of gloves
SInv    .            (no barding)
Will    .....        (no amulet) Stlth
                     h - ring of magical power
HPRegen 0.26/turn    (no ring)
MPRegen 0.14/turn

%: roll
@: on fire, glowing
A: large, deformed body, tough skin 3, armoured tail, roll 1
a: no special abilities


You were on level 3 of the Dungeon.
You visited 1 branch of the dungeon, and saw 3 of its levels.

You collected 191 gold pieces.

Inventory:

Hand Weapons
 a - a +0 hand axe (weapon)
Missiles
 d - 5 darts of dispersal (quivered)
Armour
 b - a +0 leather armour
 l - a +0 plate armour (worn)
 m - a +0 pair of gloves (worn)
Jewellery
 h - a ring of magical power (left hand)
Scrolls
 c - a scroll of blinking
 e - 2 scrolls of identify {unknown}
 f - a scroll of enchant armour {unknown}
 n - 2 scrolls of noise {unknown}
Potions
 i - a potion of brilliance {unknown}
 j - a potion of lignification {unknown}
 k - a potion of enlightenment {unknown}
 o - a potion of invisibility {unknown}


   Skills:
 - Level 1.7 Fighting
 + Level 4.2 Axes
 - Level 0.8 Throwing
 - Level 1.2 Armour
 - Level 1.3 Dodging
 - Level 1.7 Spellcasting
 - Level 3.0 Translocations


You had 4 spell levels left.
You knew the following spells:

 Your Spells              Type           Power      Damage    Failure   Level
a - Blink                 Tloc           18%        N/A       99%         2

Your spell library contained the following spells:

 Spells                   Type           Power      Damage    Failure   Level
 Lesser Beckoning         Tloc           18%        N/A       99%         2
 Dazzling Flash           Conj/Hex       2%         N/A       100%        3
 Teleport Other           Tloc           9%         N/A       100%        3
 Volatile Blastmotes      Fire/Tloc      10%        2d10      100%        3
 Manifold Assault         Tloc           9%         N/A       100%        4
 Vhi's Electric Charge    Tloc/Air       10%        N/A       100%        4
 Starburst                Conj/Fire      0%         6d3       100%        6
 Maxwell's Capacitive Co  Air            0%         ∞         100%        8


Dungeon Overview and Level Annotations

Branches:
Dungeon (3/15)

Altars:
Gozag


Innate Abilities, Weirdness & Mutations

Armour fits poorly on your strangely shaped body.
You have extremely tough skin. (AC +3)
You have a long armoured tail.
You regenerate magic when rolling toward enemies. (Rampage MPRegen)


Message History

The liquid fire burns you!
The bombardier beetle sprays incendiary fluid at you.
The burning spray hits you.
You are even more covered in liquid fire!
You hit the bombardier beetle.
You kill the bombardier beetle!
The liquid fire burns you!
Your Axes skill increases to level 4!
You are too injured to fight recklessly!
You are on fire!
The liquid fire burns you!
You shake off some of the fire as you move.
The liquid fire burns you!
* * * LOW HITPOINT WARNING * * *
The liquid fire burns you!
* * * LOW HITPOINT WARNING * * *
Unknown command.
The liquid fire burns you!
* * * LOW HITPOINT WARNING * * *
Unknown command.
Okay, then.
Okay, then.
Unknown command.
Okay, then.
Okay, then.
It was a potion of heal wounds.
You feel much better. The liquid fire burns you! The liquid fire burns you!
The liquid fire burns you! The liquid fire burns you!
You shake off some of the fire as you move.
The liquid fire burns you!
* * * LOW HITPOINT WARNING * * *
You see here 11 gold pieces.
You shake off some of the fire as you move.
The liquid fire burns you!
* * * LOW HITPOINT WARNING * * *
You shake off some of the fire as you move.
The liquid fire burns you!
You die...

########## #......... #####
#$######## ####...#########.#
.....)........<#@#
.####.#.#####..#.# ### .#
#.#.#...#..#.# #.. .#
#.#.#.#.#..#.# #.# .#
#.#.#.#.#..#.# #.# .#
#.#...#.#..#.# #.# .#
#.#####.#..#.# #.#
.####.......#..#.####.###########
......#####.#.........>..........


There were no monsters in sight!

Vanquished Creatures
  A bombardier beetle (D:3)
  An adder (D:2)
  A gnoll (D:1)
  4 dart slugs
  2 ribbon worms (D:2)
  3 ball pythons
  5 endoplasms
  2 giant cockroaches (D:1)
  4 goblins
  6 hobgoblins
  4 jackals (D:2)
  9 kobolds
  2 quokkas (D:1)
  4 bats
  2 frilled lizards
  6 rats
56 creatures vanquished.

Notes
Turn   | Place    | Note
-------+----------+-------------------------------------------
     0 | D:1      | generaletaddeo the Armataur Warper began the quest for the
                  | Orb.
     0 | D:1      | Reached XP level 1. HP: 17/17 MP: 3/3
   232 | D:1      | Reached skill level 2 in Axes
   308 | D:1      | Reached XP level 2. HP: 24/24 MP: 4/4
   311 | D:1      | Learned a level 2 spell: Blink
   708 | D:1      | Reached XP level 3. HP: 19/29 MP: 5/5
   717 | D:1      | Reached skill level 3 in Axes
  1437 | D:2      | Found a faded altar of an unknown god.
  1583 | D:2      | Reached XP level 4. HP: 35/36 MP: 6/6
  1588 | D:2      | Found an opulent altar of Gozag.
  2108 | D:3      | Reached skill level 4 in Axes
  2118 | D:3      | Incinerated by a bombardier beetle

Illustrated notes

Levels and vault maps discovered:
D:1:      minmay_arrival_four_circles, layout_basic, minmay_split_cup_large
D:2:      layout_loops_cross, ebering_ecumenical_altar_sacrificial, basic_altar,
          due_unseen_surprise
D:3:      layout_basic, lemuel_crystal_altar, roderic_lattice_a, st_stairs_12,
          uniq_sigmund

Skill      XL: |  1  2  3  4 |
---------------+-------------+-----
Axes           | 2 3 4 |  4.2
Fighting       | |  1.7
Throwing       | |  0.8
Armour         | |  1.2
Dodging        | |  1.3
Spellcasting   | |  1.7
Translocations | |  3.0

Action                     |  1- 3 |  4- 6 || total
---------------------------+-------+-------++-------
  Melee: Hand axe          |   139 |    49 ||   188
         Tailslap          |    15 |     5 ||    20
         Punch             |     2 |       ||     2
  Throw: Dart              |     2 |       ||     2
    Use: Potion            |     1 |     1 ||     2
 Armour: Leather armour    |    95 |       ||    95
         Plate armour      |     4 |    50 ||    54
  Dodge: Dodged            |    58 |    10 ||    68

Table legend: (Time is in decaauts)
 A = Elapsed time spent in this place.
 B = Non-inter-level travel time spent in this place.
 C = Inter-level travel time spent in this place.
 D = Time resting spent in this place.
 E = Time spent auto-exploring this place.
 F = Levels seen in this place.
 G = Mean time per level.
                   A        B        C        D        E       F      G
               +--------+--------+--------+--------+--------+-----+--------+
         Total |   2144 |   2072 |     72 |    108 |   1485 |   3 |  714.7 |
       Dungeon |   2144 |   2072 |     72 |    108 |   1485 |   3 |  714.7 |
               +--------+--------+--------+--------+--------+-----+--------+

Top non-repeatable levels by time:
     D:1: 1210 daAuts
     D:2: 763 daAuts
     D:3: 170 daAuts
